 Dungeon Crawl Stone Soup version 0.30.1-5-ged363bc7ee (webtiles) character file.

Game seed: 17288908520934742121

691 Ivernyr the Insei (level 7, -3/36 HPs)
             Began as a Vine Stalker Transmuter on Sept 19, 2023.
             Succumbed to a water moccasin's poison
             ... on level 5 of the Dungeon.
             The game lasted 00:10:20 (3368 turns).

Ivernyr the Insei (Vine Stalker Transmuter)         Turns: 3368, Time: 00:10:20

Health: -3/36      AC:  2    Str: 15    XL:     7   Next: 63%
Magic:  0/11       EV: 13    Int: 17    God:
Gold:   178        SH:  0    Dex: 16    Spells: 7/10 levels left

rFire   . .          .
                       - Unarmed
rCold   . . .        (no shield)
rNeg    . . .        r - +0 robe of Ganiptoi {Str+2 Int+4}
rPois   .            m - melded +0 helmet
rElec   .            (no cloak)
rCorr   .            (no gloves)
SInv    .            (boots currently unavailable)
Will    .....        o - amulet of regeneration
Stlth   +            (no ring)
HPRegen 1.86/turn    (no ring)
MPRegen 0.12/turn

%: guardian spirit
@: lethally poisoned (-3 -> -17), appendages
A: horns 2, talons 2, fangs 2, regeneration 1, magic shield, antimagic bite, no
potion heal 2
a: End Transformation


You were on level 5 of the Dungeon.
You had temporarily grown beastly horns and talons.
You visited 1 branch of the dungeon, and saw 5 of its levels.

You collected 178 gold pieces.

Inventory:

Armour
 m - a +0 helmet (melded)
 r - the +0 robe of Ganiptoi (worn) {Str+2 Int+4}
   (You found it on level 3 of the Dungeon)

   Str:       It affects your strength (+2).
   Int:       It affects your intelligence (+4).
Jewellery
 o - an amulet of regeneration (around neck)
 q - a ring of fire
 w - a +6 ring of strength
Wands
 a - a wand of polymorph (3)
 j - a wand of flame (10)
Scrolls
 c - 2 scrolls of brand weapon {unknown}
 d - a scroll of enchant weapon {unknown}
 e - a scroll of poison {unknown}
 f - 7 scrolls of identify {unknown}
 g - 4 scrolls of teleportation {unknown}
 i - a scroll of amnesia {unknown}
 p - 2 scrolls of vulnerability {unknown}
 s - a scroll of blinking {unknown}
 t - a scroll of fog {unknown}
 v - a scroll of magic mapping {unknown}
Potions
 b - a potion of lignification
 h - a potion of haste {unknown}
 k - a potion of curing {unknown}
 l - 3 potions of berserk rage {unknown}
 n - a potion of heal wounds {unknown}
 u - a potion of invisibility {unknown}
 x - a potion of attraction {unknown}
 z - a potion of degeneration {unknown}


   Skills:
 + Level 3.2 Fighting
 + Level 3.3 Dodging
 * Level 5.9 Unarmed Combat
 - Level 2.1 Spellcasting
 + Level 4.1 Transmutations


You had 7 spell levels left.
You knew the following spells:

 Your Spells              Type           Power      Damage    Failure   Level
a - Beastly Appendage     Tmut           30%        N/A       3%          1
b - Wereblood             Tmut           15%        N/A       5%          2

Your spell library contained the following spells:

 Spells                   Type           Power      Damage    Failure   Level
 Freeze                   Ice            4%         1d3       19%         1
 Spider Form              Tmut/Pois      8%         N/A       24%         3
 Frozen Ramparts          Ice            2%         1d1       50%         3
 Hailstorm                Conj/Ice       1%         3d3       50%         3
 Ice Form                 Ice/Tmut       8%         N/A       63%         4


Dungeon Overview and Level Annotations

Branches:
Dungeon (5/15)
 Temple: D:4-7

Altars:

Shops:
D:4 [:*:[?


Innate Abilities, Weirdness & Mutations

You have temporarily grown beastly horns and talons.
You have extremely sharp teeth.
Your natural rate of healing is unusually fast.
When hurt, damage is shared between your health and your magic reserves.
Your bite disrupts and absorbs the magic of your enemies.
Potions cannot restore your health.


Message History

You barely miss the water moccasin.
You claw the water moccasin, but do no damage.
Your headbutt misses the water moccasin.
Your bite misses the water moccasin.
The water moccasin is lightly wounded.
You feel sick. The water moccasin barely misses you.
The water moccasin bites you!
You closely miss the water moccasin.
Your headbutt misses the water moccasin.
Your bite misses the water moccasin.
The water moccasin is lightly wounded.
You feel sick. The water moccasin misses you.
You hit the water moccasin. Your kick misses the water moccasin.
The water moccasin is moderately wounded.
You feel sick. The water moccasin bites you!
You are more poisoned.
The water moccasin poisons you!
You closely miss the water moccasin.
Your headbutt misses the water moccasin.
The water moccasin is moderately wounded.
You feel very sick. The water moccasin bites you.
* * * LOW HITPOINT WARNING * * *
You barely miss the water moccasin.
You bite the water moccasin, but do no damage.
The water moccasin is moderately wounded.
* * * LOW HITPOINT WARNING * * *
You feel very sick. The water moccasin bites you!
* * * LOW HITPOINT WARNING * * *
You are more poisoned.
The water moccasin poisons you!
Unknown command.
Unknown command.
Unknown command.
Unknown command.
You hit the water moccasin. Your punch misses the water moccasin.
Your bite misses the water moccasin.
The water moccasin is moderately wounded.
You die...

+.......#....
#.......#....
####+#####+#.......#....
#............#+#####....
#............#..........
#....?.......#..........
#............#..........
#............+.......†..
#.....S@.....#..........
#............##..####...
#########..>..#..####...
+.....'....#....
#.....#....#....
#.....#....#....
#.....########## #######


You could see a water moccasin.

Vanquished Creatures
  Grinder (D:3)
  An ogre (D:4)
  3 hounds
  2 orc priests (D:4)
  Jessica (D:2)
  2 iguanas
  3 orc wizards
  5 adders
  An ufetubus (D:4)
  2 worms
  A dart slug (D:1)
  14 orcs
  5 ball pythons
  6 bats
  7 endoplasms
  A giant cockroach (D:1)
  8 goblins
  3 hobgoblins
  4 kobolds
  4 quokkas
  5 frilled lizards
  4 rats
83 creatures vanquished.

Notes
Turn   | Place    | Note
-------+----------+-------------------------------------------
     0 | D:1      | Ivernyr the Vine Stalker Transmuter began the quest for the
                  | Orb.
     0 | D:1      | Reached XP level 1. HP: 9/9 MP: 4/4
    52 | D:1      | Reached skill level 1 in Fighting
   124 | D:1      | Reached XP level 2. HP: 13/14 MP: 6/6
   646 | D:2      | Reached XP level 3. HP: 18/18 MP: 5/7
   855 | D:2      | Noticed Jessica
   862 | D:2      | Killed Jessica
   964 | D:2      | Gained mutation: Your natural rate of healing is unusually
                  | fast. [Vine Stalker growth]
   964 | D:2      | Reached XP level 4. HP: 13/22 MP: 3/8
  1072 | D:2      | Found a faded altar of an unknown god.
  1628 | D:3      | Learned a level 2 spell: Wereblood
  1844 | D:3      | Reached skill level 4 in Unarmed Combat
  2080 | D:3      | Reached XP level 5. HP: 24/26 MP: 5/9
  2199 | D:3      | Identified the +0 robe of Ganiptoi {Str+2 Int+4}
  2226 | D:3      | Noticed Grinder
  2243 | D:3      | Killed Grinder
  2244 | D:3      | Reached skill level 5 in Unarmed Combat
  2244 | D:3      | Reached XP level 6. HP: 19/32 MP: 6/10
  2511 | D:4      | Found Sen Gaof's Book Shop.
  2719 | D:4      | Found Ekowah's Magic Scroll Shoppe.
  2763 | D:4      | Found Aleosme's Armour Shoppe.
  2853 | D:4      | Reached XP level 7. HP: 26/35 MP: 8/11
  2862 | D:4      | Found Ydye's Overcharged Wands.
  3002 | D:4      | Found Got Yfou's Armour Emporium.
  3094 | D:4      | Found Faomin's Book Shop.
  3176 | D:5      | Entered Level 5 of the Dungeon
  3367 | D:5      | HP: 1/36 [water moccasin (3)]
  3368 | D:5      | Succumbed to a water moccasin's poison

Illustrated notes

Levels and vault maps discovered:
D:1:      minmay_arrival_plants_in_alcoves, layout_rooms
D:2:      layout_basic, shapermc_ecumenical_altar_mp_vishouse, fountainhead,
          uniq_jessica
D:3:      layout_loops_ring, due_unseen_surprise, uniq_grinder
D:4:      layout_rooms, serial_shops, kennysheep_little_box, shop, shop, shop,
          nicolae_shop_behind_doors, nicolae_shop_overcharged_wands
D:5:      layout_gridville

Skill      XL: |  1  2  3  4  5  6  7 |
---------------+----------------------+-----
Fighting       | 1 2 3 |  3.2
Dodging        | 2 3 |  3.3
Unarmed Combat | 4 5 |  5.9
Transmutations | 3 4 |  4.1
Spellcasting   | |  2.1

Action                     |  1- 3 |  4- 6 |  7- 9 || total
---------------------------+-------+-------+-------++-------
  Melee: Unarmed           |    83 |   125 |    49 ||   257
         Bite              |    15 |    36 |     9 ||    60
         Kick              |     5 |    17 |    12 ||    34
         Headbutt          |     4 |    15 |     6 ||    25
         Punch             |       |       |     1 ||     1
   Cast: Beastly Appendage |     9 |    26 |     5 ||    40
   Stab: Distracted        |       |     1 |       ||     1
         Sleeping          |       |     1 |       ||     1
 Armour: Robe              |    20 |    23 |     5 ||    48
  Dodge: Dodged            |    47 |    82 |    27 ||   156
